 Dungeon Crawl Stone Soup version 0.27-a0-1319-geec4fb4e21 (webtiles) character file.

Game seed: 10849855204189584960

79 Zonian the Conjurer (level 4, 0/24 HPs)
             Began as a Tengu Conjurer on June 21, 2021.
             Was a Believer of Lugonu.
             Slain by Sigmund (14 damage)
             ... on level 2 of the Dungeon.
             The game lasted 00:02:20 (1718 turns).

Zonian the Conjurer (Tengu Conjurer)                Turns: 1718, Time: 00:02:21

Health: 0/24       AC:  2    Str:  7    XL:     4   Next: 37%
Magic:  1/8        EV: 12    Int: 19    God:    Lugonu [**....]
Gold:   31         SH:  0    Dex: 13    Spells: 4/7 levels left

rFire    . . .     SeeInvis .   (no weapon)
rCold    + . .     Faith    .   (no shield)
rNeg     . . .     Spirit   .   a - +0 robe
rPois    .         Reflect  .   (helmet restricted)
rElec    .         Harm     .   (no cloak)
rCorr    .         Rampage  .   (no gloves)
Will     .....                  (boots unavailable)
Stlth    ++........             (no amulet)
HPRegen  0.08/turn              i - ring of protection from cold
MPRegen  0.11/turn              (no ring)

@: no status effects
A: beak, talons 3
a: Renounce Religion, Depart the Abyss, Bend Space


You were on level 2 of the Dungeon.
You worshipped Lugonu.
Lugonu was pleased with you.
You visited 1 branch of the dungeon, and saw 2 of its levels.

You collected 31 gold pieces.

Inventory:

Missiles
 e - 9 poisoned darts
Armour
 a - a +0 robe (worn)
Magical Staves
 k - a staff of earth
Jewellery
 i - a ring of protection from cold (left hand)
Scrolls
 c - a scroll of noise {unknown}
 g - a scroll of amnesia {unknown}
 h - a scroll of blinking {unknown}
Potions
 b - 2 potions of flight {unknown}
 d - a potion of curing {unknown}
 f - a potion of might {unknown}
 j - a potion of mutation {unknown}


   Skills:
 + Level 2.4 Dodging
 + Level 2.2 Stealth
 + Level 2.3 Spellcasting
 + Level 7.0 Conjurations


You had 4 spell levels left.
You knew the following spells:

 Your Spells              Type           Power      Damage    Failure   Level
a - Magic Dart            Conj           100%       1d8       1%          1
b - Searing Ray           Conj           58%        3d5       1%          2

Your spell library contained the following spells:

 Spells                   Type           Power      Damage    Failure   Level
 Dazzling Flash           Conj/Hex       30%        N/A       12%         3
 Passwall                 Tmut/Erth      1%         N/A       24%         2
 Fulminant Prism          Conj/Hex       7%         3d7       36%         4
 Iskenderun's Mystic Bla  Conj/Tloc      15%        2d5       36%         4
 Petrify                  Tmut/Erth      2%         N/A       85%         4
 Dragon Form              Tmut           1%         N/A       100%        7
 Storm Form               Tmut/Air       1%         N/A       100%        7


Dungeon Overview and Level Annotations

Branches:
Dungeon (2/15)

Altars:
Lugonu

Annotations:
D:2 Sigmund


Innate Abilities, Weirdness & Mutations

You have a beak for a mouth.
You have claws for feet.


Message History

The magic dart hits the hobgoblin!
You kill the hobgoblin!
Lugonu accepts your kill.
Sigmund the Dreaded comes into view.
He is wielding a +3 scythe of protection.
The magic dart hits Sigmund.
Sigmund is lightly wounded.
Sigmund flickers, as though insubstantial.
The magic dart hits Sigmund.
Sigmund is lightly wounded.
The magic dart hits Sigmund!
Sigmund is heavily wounded.
Unknown command.
Okay, then.
You aren't carrying any items that you can evoke.
Unknown command.
Okay, then.
The magic dart hits Sigmund!
Sigmund is severely wounded.
Unknown command.
Okay, then.
You close the door.
Sigmund opens the door.
Unknown command.
Casting: Magic Dart (safe; 1% risk of failure)
Confirm with . or Enter, or press ? or * to list all spells.
Aiming: Magic Dart (safe; 1% risk of failure)
Press: ? - help, Shift-Dir - straight line, f/p - Sigmund
Aim: Sigmund, wielding a +3 scythe of protection and wearing a +0 robe (severely wounded, 100% to hit)
The magic dart hits Sigmund but does no damage.
Sigmund is severely wounded.
Sigmund points at you and mumbles some strange words.
The puff of flame hits you. Sigmund gestures at you while chanting.
The magic dart hits you.
There is an open door here.
Unknown command.
You fail to use your ability.
Sigmund hits you with a +3 scythe of protection!
Ouch! That really hurt!
You die...

#.## #.#. #... ###. #.
#########. #######
#......##.
#......########......##.
#......@......'......'..
#.....@########......##.
####... #########. #.$.
####. #.>. +.... #...
##### #)†. #...


You could see Sigmund.

Vanquished Creatures
  Natasha (D:2)
  3 adders (D:2)
  A worm (D:2)
  A ball python (D:2)
  3 endoplasms
  4 goblins
  2 hobgoblins
  2 kobolds
  4 quokkas
  2 frilled lizards (D:2)
  A rat (D:1)
24 creatures vanquished.

Notes
Turn   | Place    | Note
-------+----------+-------------------------------------------
     0 | D:1      | Zonian the Tengu Conjurer began the quest for the Orb.
     0 | D:1      | Reached XP level 1. HP: 10/10 MP: 4/4
   119 | D:1      | Found a faded altar of an unknown god.
   132 | D:1      | Became a worshipper of Lugonu the Unformed
   132 | D:1      | Reached * piety under Lugonu
   132 | D:1      | Reached ** piety under Lugonu
   344 | D:1      | Reached XP level 2. HP: 15/15 MP: 1/6
   975 | D:2      | Reached skill level 6 in Conjurations
  1000 | D:2      | Identified Cejy's Grimoire of Gliding Shape Shifting
  1076 | D:2      | Reached XP level 3. HP: 16/19 MP: 2/7
  1333 | D:2      | Learned a level 2 spell: Searing Ray
  1363 | D:2      | Noticed Natasha
  1366 | D:2      | Killed Natasha
  1367 | D:2      | Reached skill level 7 in Conjurations
  1367 | D:2      | Reached XP level 4. HP: 24/24 MP: 3/8
  1708 | D:2      | Noticed Sigmund
  1718 | D:2      | Slain by Sigmund

Illustrated notes

Levels and vault maps discovered:
D:1:      minmay_arrival_radiant_lines, layout_basic,
          ebering_ecumenical_altar_petrified
D:2:      layout_basic, basic_altar, serial_shops, shop, uniq_sigmund,
          uniq_natasha

Skill      XL: |  1  2  3 |
---------------+----------+-----
Conjurations   | 6 7 |  7.0
Dodging        | |  2.4
Stealth        | |  2.2
Spellcasting   | |  2.3

Action                   |  1- 3 |  4- 6 || total
-------------------------+-------+-------++-------
 Cast: Magic Dart        |    39 |    14 ||    53
       Searing Ray       |     1 |       ||     1
Dodge: Dodged            |     3 |       ||     3

Table legend: (Time is in decaauts)
 A = Elapsed time spent in this place.
 B = Non-inter-level travel time spent in this place.
 C = Inter-level travel time spent in this place.
 D = Time resting spent in this place.
 E = Time spent auto-exploring this place.
 F = Levels seen in this place.
 G = Mean time per level.
                   A        B        C        D        E       F      G
               +--------+--------+--------+--------+--------+-----+--------+
         Total |   1717 |   1700 |     17 |    184 |   1369 |   2 |  858.5 |
       Dungeon |   1717 |   1700 |     17 |    184 |   1369 |   2 |  858.5 |
               +--------+--------+--------+--------+--------+-----+--------+

Top non-repeatable levels by time:
     D:1: 966 daAuts
     D:2: 751 daAuts
